 Dungeon Crawl Stone Soup version 0.31.0-11-ge490571c62 (webtiles) character file.

Game seed: 10847916968860708034

63 Rassilon the Trooper (level 3, -2/29 HPs)
             Began as a Demonspawn Monk on Jan 30, 2024.
             Slain by a gnoll
             ... wielding a +0 spear
              (4 damage)
             ... on level 2 of the Dungeon.
             The game lasted 00:06:57 (975 turns).

Rassilon the Trooper (Demonspawn Monk)               Turns: 975, Time: 00:06:58

Health: -2/29      AC:  2    Str: 11    XL:     3   Next: 87%
Magic:  3/3        EV: 13    Int: 10    God:
Gold:   34         SH:  0    Dex: 17    Spells: 2/2 levels left

rFire   . . .        a - +0 falchion
rCold   . . .        d - orb {light}
rNeg    . . .        b - +0 robe
rPois   .            k - +0 hat
rElec   .            (no cloak)
rCorr   .            (no gloves)
SInv    .            (no boots)
Will    .....        (no amulet)
Stlth   +            (no ring)
HPRegen 0.24/turn    (no ring)
MPRegen 0.08/turn

%: no passive effects
@: glowing
A: spiny 1
a: no special abilities


You were on level 2 of the Dungeon.
You visited 1 branch of the dungeon, and saw 2 of its levels.

You collected 34 gold pieces.

Inventory:

Hand Weapons
 a - a +0 falchion (weapon)
Armour
 b - a +0 robe (worn)
 d - an orb of light (worn)
 k - a +0 hat (worn)
Jewellery
 p - a ring of willpower
Scrolls
 e - 4 scrolls of amnesia {unknown}
 g - 2 scrolls of vulnerability {unknown}
 h - a scroll of immolation {unknown}
 l - a scroll of teleportation {unknown}
 m - a scroll of identify {unknown}
 o - a scroll of fog {unknown}
Potions
 c - a potion of ambrosia
 f - a potion of heal wounds {unknown}
 i - a potion of haste {unknown}
 j - a potion of brilliance {unknown}
 n - 2 potions of mutation {unknown}


   Skills:
 + Level 3.6 Fighting
 * Level 3.5 Long Blades
 + Level 3.2 Dodging


You had 2 spell levels left.
You didn't know any spells.
Your spell library contained the following spells:

 Spells                   Type           Power      Damage    Failure   Level
 Kiss of Death            Conj/Necr      0%         2d5       36%         1
 Confusing Touch          Hex            0%         N/A       75%         3
 Hailstorm                Conj/Ice       0%         3d5       75%         3
 Summon Ice Beast         Ice/Summ       0%         N/A       75%         3
 Dispel Undead            Necr           0%         3d6       98%         4
 Sculpt Simulacrum        Ice/Alch       0%         N/A       100%        6


Dungeon Overview and Level Annotations

Branches:
Dungeon (2/15)

Altars:

Shops:
D:2 [


Innate Abilities, Weirdness & Mutations

You are partially covered in sharp spines.


Message History

You kill the adder!
A gnoll comes into view. It is wielding a +0 spear.
The gnoll shouts!
A gnoll comes into view. It is wielding a +0 club.
You hit the gnoll.
The gnoll is heavily wounded.
The gnoll barely misses you. The gnoll hits you with a +0 flail!
You hit the gnoll.
The gnoll is severely wounded.
The gnoll hits you from afar with a +0 spear!
The gnoll is struck by your spines. The gnoll closely misses you.
You hit the gnoll.
You kill the gnoll!
The gnoll barely misses you.
You hit the gnoll.
The gnoll is lightly wounded.
The gnoll is struck by your spines. The gnoll barely misses you.
The gnoll hits you from afar with a +0 spear.
* * * LOW HITPOINT WARNING * * *
The gnoll attacks as it pursues you! The gnoll misses you.
The gnoll attacks as it pursues you! The gnoll closely misses you.
The gnoll attacks as it pursues you!
The gnoll hits you from afar with a +0 spear.
* * * LOW HITPOINT WARNING * * *
You hit the gnoll.
The gnoll is severely wounded.
The gnoll is struck by your spines. The gnoll barely misses you.
The gnoll closely misses you.
You hit the gnoll but do no damage.
The gnoll is almost dead.
The gnoll is struck by your spines.
You kill the gnoll!
The gnoll attacks as it pursues you!
The gnoll hits you from afar with a +0 spear.
* * * LOW HITPOINT WARNING * * *
The gnoll closely misses you. The gnoll barely misses you.
The gnoll attacks as it pursues you!
The gnoll hits you from afar with a +0 spear.
You die...

#.........# #)# #.#
#.# #$# ###.#####
##### #.......# ##
#...######.#.###.# .#
#......@.g....##.# .#
#...######.....#.#####
.## #####.####
##...##.....# ..##
#........#
##.#######.# # ...#
#.###.##.# #.# #†###
...# #.# #.##.# #.#
#.... ...# #.# #..#.#
##+## ##### ..## #.#
##.#.# ##...## # ###
#.# ##.#.# ##.....##
###


You could see a gnoll.

Vanquished Creatures
  2 gnolls (D:2)
  An adder (D:2)
  2 dart slugs (D:2)
  2 bats (D:1)
  An endoplasm (D:1)
  A giant cockroach (D:1)
  3 goblins (D:1)
  4 hobgoblins
  2 kobolds (D:2)
  2 quokkas (D:1)
  5 ball pythons (D:2)
  3 frilled lizards
  3 rats
31 creatures vanquished.

Notes
Turn   | Place    | Note
-------+----------+-------------------------------------------
     0 | D:1      | Rassilon the Demonspawn Monk began the quest for the Orb.
     0 | D:1      | Reached XP level 1. HP: 18/18 MP: 1/1
    64 | D:1      | Gained mutation: You are partially covered in sharp spines.
                  | [demonic ancestry]
    64 | D:1      | Reached XP level 2. HP: 24/24 MP: 2/2
   739 | D:2      | Found Waytiakh's Antique Armour Shoppe.
   747 | D:2      | Reached XP level 3. HP: 29/29 MP: 3/3
   969 | D:2      | HP: 1/29 [gnoll/+0 spear (4)]
   975 | D:2      | Slain by a gnoll

Illustrated notes

Levels and vault maps discovered:
D:1:      dreamdust_arrival_sigmund_warning, layout_rooms
D:2:      layout_loops_corners, serial_shops, shop, minmay_lizard_king

Skill      XL: |  1  2 |
---------------+-------+-----
Long Blades    | 3 |  3.5
Dodging        | 3 |  3.2
Fighting       | |  3.6

Action                     || total
---------------------------++-------
  Melee: Falchion          ||    58
 Armour: Robe              ||    20
  Dodge: Dodged            ||    35
